 Dungeon Crawl Stone Soup version 0.31-a0-435-g2c6fae2 (webtiles) character file.

Game seed: 2165568855130718544

8 Dorkslayer the Ruffian (level 1, 0/15 HPs)
             Began as a Demigod Shapeshifter on July 31, 2023.
             Slain by a quokka (3 damage)
             ... on level 1 of the Dungeon.
             The game lasted 00:01:12 (259 turns).

Dorkslayer the Ruffian (Demigod Shapeshifter)        Turns: 259, Time: 00:01:13

Health: 0/15       AC:  2    Str: 16    XL:     1   Next: 80%
Magic:  3/3        EV: 12    Int: 10    God:
Gold:   30         SH:  0    Dex: 14    Spells: 0/0 levels left

rFire   . .          .
                       - Unarmed
rCold   . . .        (no shield)
rNeg    . . .        a - +0 animal skin
rPois   .            (helmet currently unavailable)
rElec   .            (cloak currently unavailable)
rCorr   .            (gloves currently unavailable)
SInv    .            (boots currently unavailable)
Will    .....        (no amulet)
Stlth   +            (no ring)
HPRegen 0.22/turn    (no ring)
MPRegen 0.08/turn

%: no passive effects
@: beast-form
A: beast (slay +1), high MP 1, forlorn, divine attributes
a: Begin Untransformation


You were on level 1 of the Dungeon.
You were a hulking beast.
You visited 1 branch of the dungeon, and saw 1 of its levels.

You collected 30 gold pieces.

Inventory:

Armour
 a - a +0 animal skin (worn)
Talismans
 c - a beast talisman (active)
Scrolls
 e - 2 scrolls of blinking {unknown}
Potions
 b - a potion of lignification
 d - a potion of heal wounds {unknown}


   Skills:
 + Level 0.8 Fighting
 + Level 1.7 Dodging
 * Level 3.2 Unarmed Combat
 - Level 2.6 Shapeshifting


You couldn't memorise any spells.
You didn't know any spells.
Your spell library was empty.

Dungeon Overview and Level Annotations

Branches:
Dungeon (1/15)


Innate Abilities, Weirdness & Mutations

You are a hulking beast.
Your limbs bulge with bestial killing power. (Slay +1)
You have an increased reservoir of magic. (+10% MP)
You shall have no god before yourself.
Your divine heritage dramatically boosts your attributes as you level up.


Message History

You closely miss the quokka.
The quokka is moderately wounded.
The quokka bites the plant.
The quokka barely misses you.
You hit the quokka.
You kill the quokka!
The quokka bites the plant.
A nearby plant withers and dies.
You see here a quokka corpse.
Something bites the plant.
The plant begins to die.
You hear a splashing noise.
You miss the quokka.
The quokka bites you but does no damage.
Something bites the plant.
You hit the quokka.
You kill the quokka!
You hit the quokka but do no damage.
A nearby plant withers and dies.
The quokka bites you.
You barely miss the quokka.
The quokka splashes around in the water.
You miss the quokka. The quokka bites you.
You hear a splashing noise.
You closely miss the quokka. Your punch misses the quokka.
The quokka closely misses you.
Something bites the plant.
The plant begins to die.
You barely miss the quokka. The quokka bites you.
Something bites the plant.
You hit the quokka.
The quokka is lightly wounded.
The quokka bites you.
Something bites the plant.
You hit the quokka but do no damage. Your punch misses the quokka.
The quokka is lightly wounded.
The quokka splashes around in the water.
Something bites the plant.
You barely miss the quokka.
The quokka is lightly wounded.
A nearby plant withers and dies.
The quokka bites you.
* * * LOW HITPOINT WARNING * * *
You hit the quokka.
The quokka is heavily wounded.
The quokka barely misses you. The quokka bites you.
You die...

P. ##########....
##...........$.
##..PPPhP##....!
##..~P~r†PP# ###
.?..PP~~~PP#
.##PP~~≈~~P## #~~♣≈♣≈~PP#
#.P~~♣♣r~~.#############
..P~~≈♣~♣♣~P.............
#..≈≈~~~~~♣~~###.########
.PP~♣PPPrP~♣~.##.#


You could see 2 quokkas.

Vanquished Creatures
  A bat (D:1)
  A hobgoblin (D:1)
  4 quokkas (D:1)
6 creatures vanquished.

Notes
Turn   | Place    | Note
-------+----------+-------------------------------------------
     0 | D:1      | Dorkslayer the Demigod Shapeshifter began the quest for the
                  | Orb.
     0 | D:1      | Reached XP level 1. HP: 15/15 MP: 3/3
   100 | D:1      | Reached skill level 3 in Unarmed Combat
   259 | D:1      | Slain by a quokka

Illustrated notes

Levels and vault maps discovered:
D:1:      wander_arrival_lonely_grave, layout_basic, serial_bayou,
          serial_bayou_lagoon_a, serial_bayou_shore_b, serial_bayou_pond_d,
          serial_bayou_shore_b, serial_bayou_shore_b, serial_bayou_shore_a

Skill      XL: |  1 |
---------------+----+-----
Unarmed Combat | 3 |  3.2
Fighting       | |  0.8
Dodging        | |  1.7
Shapeshifting  | |  2.6

Action                     || total
---------------------------++-------
  Melee: Unarmed           ||    34
         Punch             ||     1
 Armour: Animal skin       ||     3
  Dodge: Dodged            ||    17

Table legend: (Time is in decaauts)
 A = Elapsed time spent in this place.
 B = Non-inter-level travel time spent in this place.
 C = Inter-level travel time spent in this place.
 D = Time resting spent in this place.
 E = Time spent auto-exploring this place.
 F = Levels seen in this place.
 G = Mean time per level.
                   A        B        C        D        E       F      G
               +--------+--------+--------+--------+--------+-----+--------+
         Total |    263 |    263 |      0 |      0 |    169 |   1 |  263.0 |
       Dungeon |    263 |    263 |      0 |      0 |    169 |   1 |  263.0 |
               +--------+--------+--------+--------+--------+-----+--------+

Top non-repeatable levels by time:
     D:1: 263 daAuts
